 Dungeon Crawl Stone Soup version 0.19.1 (webtiles) character file.

358 ChaseSP the Insei (level 6, -1/42 HPs)
             Began as a Draconian Transmuter on Nov 29, 2016.
             Was a Follower of Hepliaklqana.
             Slain by an orc wizard
             ... wielding a +0 dagger
              (5 damage)
             ... on level 4 of the Dungeon.
             The game lasted 00:07:39 (3294 turns).

ChaseSP the Insei (Draconian Transmuter)            Turns: 3294, Time: 00:07:40

Health: -1/42      AC:  2    Str: 12    XL:     6   Next: 37%
Magic:  6/9        EV: 19    Int: 14    God:    Hepliaklqana [*.....]
Gold:   132        SH:  0    Dex: 18    Spells: 3 memorised, 3 levels left

rFire  . . .     SeeInvis .       - Unarmed
rCold  . . .     Gourm    .     (armour unavailable)
rNeg   . . .     Faith    .     (shield currently unavailable)
rPois  x         Spirit   .     (helmet currently unavailable)
rElec  .         Reflect  .     (cloak currently unavailable)
rCorr  .         Harm     .     (gloves currently unavailable)
MR     .....                    (boots currently unavailable)
Stlth  ++........               (no amulet)
                                (no ring)
                                n - ring of wizardry

@: spider-form
A: unfitting armour, reduced essence, (cold-blooded), AC +6
a: End Transformation, Recall Ancestor, Ancestor Identity, Renounce Religion


You were on level 4 of the Dungeon.
You worshipped Hepliaklqana.
Hepliaklqana was aware of your devotion.
You were not hungry.
You were a venomous arachnid creature.
You visited 1 branch of the dungeon, and saw 4 of its levels.

You collected 132 gold pieces.

Inventory:

Missiles
 a - 37 arrows
Armour
 f - a +0 buckler (melded)
 i - a cursed +0 pair of boots (melded)
Jewellery
 n - a ring of wizardry (left front leg)
Scrolls
 d - 2 scrolls of remove curse {unknown}
 e - a scroll of amnesia {unknown}
 k - 4 scrolls of identify {unknown}
 l - 2 scrolls of recharging {unknown}
 o - a scroll of random uselessness {unknown}
 r - a scroll of magic mapping {unknown}
 v - a scroll of noise {unknown}
 y - a scroll of blinking {unknown}
Potions
 g - 2 potions of heal wounds {unknown}
 j - a potion of degeneration {unknown}
 q - a potion of agility {unknown}
 s - a potion of might {unknown}
 t - 2 potions of curing {unknown}
 u - 2 potions of brilliance {unknown}
 w - a potion of haste
 x - a potion of cure mutation {unknown}
Books
 b - a book of Changes

   Spells                             Type                      Level
   a - Beastly Appendage              Transmutation                1
   b - Sticks to Snakes               Transmutation                2
   c - Spider Form                    Transmutation/Poison         3
   d - Ice Form                       Ice/Transmutation            4
   e - Blade Hands                    Transmutation                5
Comestibles
 c - 3 bread rations
 h - 3 meat rations
 m - 3 fruits
 p - a beef jerky
 z - 3 chunks of flesh


   Skills:
 - Level 1.1 Fighting
 - Level 1.7 Dodging
 - Level 1.2 Shields
 + Level 5.8 Unarmed Combat
 - Level 2.0 Spellcasting
 + Level 4.0 Transmutations
 - Level 1.0 Poison Magic


You had 3 spell levels left.
You knew the following spells:

 Your Spells              Type           Power        Failure   Level  Hunger
a - Beastly Appendage     Tmut           ##....       6%          1    ##.....
b - Sticks to Snakes      Tmut           ##......     10%         2    ###....
c - Spider Form           Tmut/Pois      #.........   21%         3    ####...


Dungeon Overview and Level Annotations

Branches:
Dungeon (4/15)
 Temple: D:4-7

Altars:
Ashenzari
Elyvilon
Hepliaklqana


Innate Abilities, Weirdness & Mutations

((Your plain brown scales are hard. (AC +6)))
You cannot fit into any form of body armour.
((You are cold-blooded and may be slowed by cold attacks.))
Your life essence is reduced. (-10% HP)


Message History

Your horns disappear.
You turn into a venomous arachnid creature.
Your cursed +0 pair of boots melds into your body.
Your +0 buckler melds into your body.
The gnoll hits you with a whip.
* * * LOW HITPOINT WARNING * * *
The orc wizard hits you but does no damage.
You barely miss the orc wizard.
The orc wizard is moderately wounded.
Something hits you but does no damage.
The gnoll throws a stone.
The orc wizard gestures wildly while chanting.
The gnoll hits you with a whip.
* * * LOW HITPOINT WARNING * * *
You hit the gnoll but do no damage.
The gnoll is poisoned.
The gnoll is severely wounded.
Something hits you.
* * * LOW HITPOINT WARNING * * *
The gnoll throws a stone.
The stone misses you.
The orc wizard hits you but does no damage.
Something hits you.
You die...

#..........## ##..........# #
#...........# ## #..........##
.# #..........# .#
#.....####.## .. ## #######
#..# . # ##.## .# # #so# ..# #
#(g## #####.# ####
##g.#####o....# ...###########
#..g.)gg.g...##
#............#####..#####(....#
########..........### #ยง....#
#######...## #ogo...# ###.#
##g.....# #^## ......#


You could see an orc wizard and 3 gnolls.

Vanquished Creatures
  A hound (D:4)
  2 orc priests
  2 orc wizards
  4 adders
  An ooze (D:1)
  3 dart slugs
  A leopard gecko (D:2)
  11 orcs
  7 bats
  4 giant cockroaches
  6 goblins
  5 hobgoblins
  4 jackals
  3 quokkas
  A ball python (D:2)
  6 frilled lizards
  9 kobolds
  10 rats
80 creatures vanquished.

Vanquished Creatures (collateral kills)
  A bullfrog skeleton (D:4)
  A worker ant (D:4)
  2 adders
  2 leopard geckos (D:3)
  3 orcs
  2 goblins
  A hobgoblin (D:3)
  A frilled lizard (D:2)
  4 kobolds
17 creatures vanquished.

Vanquished Creatures (others)
  An ancestor (D:4)
1 creature vanquished.

Grand Total: 98 creatures vanquished

Notes
Turn   | Place    | Note
-------+----------+-------------------------------------------
     0 | D:1      | ChaseSP the Draconian Transmuter began the quest for the Orb.
     0 | D:1      | Reached XP level 1. HP: 16/16 MP: 3/3
   202 | D:1      | Reached XP level 2. HP: 23/23 MP: 5/5
   207 | D:1      | Learned a level 2 spell: Sticks to Snakes
   385 | D:1      | Reached skill level 1 in Shields
   746 | D:1      | Reached XP level 3. HP: 25/28 MP: 6/6
   761 | D:1      | Learned a level 3 spell: Spider Form
  1020 | D:2      | Reached skill level 1 in Poison Magic
  1178 | D:2      | Found a hazy altar of Hepliaklqana.
  1186 | D:2      | Became a worshipper of Hepliaklqana the Forgotten
  1393 | D:2      | Reached skill level 4 in Unarmed Combat
  1393 | D:2      | Reached XP level 4. HP: 25/31 MP: 5/7
  1596 | D:2      | Found a faded altar of an unknown god.
  1596 | D:2      | Found a white marble altar of Elyvilon.
  1605 | D:2      | Found a faded altar of an unknown god.
  1607 | D:2      | Found a faded altar of an unknown god.
  1608 | D:2      | Found a faded altar of an unknown god.
  1801 | D:3      | Found a faded altar of an unknown god.
  1979 | D:3      | Found a shattered altar of Ashenzari.
  2130 | D:3      | Reached XP level 5. HP: 16/36 MP: 8/8
  2276 | D:3      | Reached skill level 5 in Unarmed Combat
  3029 | D:4      | Reached * piety under Hepliaklqana
  3132 | D:4      | Reached XP level 6. HP: 29/42 MP: 9/9
  3294 | D:4      | Slain by an orc wizard

Skill      XL: |  1  2  3  4  5  6 |
---------------+-------------------+-----
Shields        | 1 |  1.2
Poison Magic   | 1 |  1.0
Unarmed Combat | 4 5 |  5.8
Transmutations | 3 4 |  4.0
Fighting       | |  1.1
Dodging        | |  1.7
Spellcasting   | |  2.0

Action                   |  1- 3 |  4- 6 || total
-------------------------+-------+-------++-------
Melee: Unarmed           |   146 |   178 ||   324
       Tailslap          |    13 |    18 ||    31
       Headbutt          |       |     2 ||     2
 Cast: Beastly Appendage |     2 |     4 ||     6
       Spider Form       |       |     1 ||     1
Invok: Recall Ancestor   |     1 |       ||     1
 Stab: Sleeping          |     1 |     1 ||     2
       Distracted        |       |     1 ||     1
  Eat: Chunk             |     1 |     7 ||     8
Armor: Skin              |    74 |    48 ||   122
Dodge: Dodged            |    84 |    95 ||   179
Block: Buckler           |    27 |    24 ||    51
